 Dungeon Crawl Stone Soup version 0.18-a0-1497-g788d838 (webtiles) character file.

94 Tomstefer the Chopper (level 4, -1/39 HPs)
             Began as a Minotaur Berserker on Mar 4, 2016.
             Was a Believer of Trog.
             Slain by an iguana (9 damage)
             ... on level 3 of the Dungeon.
             The game lasted 00:02:15 (1416 turns).

Tomstefer the Chopper (Minotaur Berserker)          Turns: 1416, Time: 00:02:15

Health: -1/39      AC:  5    Str: 22    XL:     4   Next: 38%
Magic:  3/3        EV: 11    Int:  4    God:    Trog [**....]
Gold:   87         SH:  0    Dex: 10    Spells: 0 memorised, 3 levels left

rFire  . . .     SeeInvis .     a - +0 hand axe
rCold  . . .     Gourm    .     d - +0 ring mail
rNeg   . . .     Faith    .     (no shield)
rPois  .         Spirit   .     (helmet restricted)
rElec  .         Dismiss  .     (no cloak)
rCorr  .         Reflect  .     (no gloves)
SustAt .         Harm     .     (no boots)
MR     .....                    i - amulet of magic regeneration
Stlth  ..........               (no ring)
                                (no ring)

@: not resistant to hostile enchantments, extremely unstealthy
A: retaliatory headbutt, horns 2
a: Berserk, Trog's Hand, Burn Spellbooks, Renounce Religion


You were on level 3 of the Dungeon.
You worshipped Trog.
Trog was pleased with you.
You were hungry.

You visited 1 branch of the dungeon, and saw 3 of its levels.

You collected 87 gold pieces.

Inventory:

Hand Weapons
 a - a +0 hand axe (weapon)
Armour
 b - a +0 animal skin
 d - a +0 ring mail (worn)
Jewellery
 i - an amulet of magic regeneration (around neck)
Scrolls
 f - 3 scrolls of identify {unknown}
 g - 2 scrolls of remove curse {unknown}
 h - 4 scrolls of teleportation {unknown}
 k - a scroll of blinking {unknown}
 m - a scroll of noise {unknown}
Potions
 e - a potion of agility {unknown}
 l - a potion of degeneration {unknown}
 n - a potion of lignification {unknown}
 o - a potion of curing {unknown}
 q - a potion of ambrosia {unknown}
Comestibles
 c - 6 bread rations
 j - 2 meat rations
 p - 6 chunks of flesh


   Skills:
 - Level 3.6 Fighting
 + Level 6.3 Axes
 - Level 2.4 Armour
 - Level 2.1 Dodging


You had 3 spell levels left.
You didn't know any spells.

Dungeon Overview and Level Annotations

Branches:
Dungeon (3/15)

Altars:


Innate Abilities, Weirdness & Mutations

You reflexively headbutt those who attack you in melee.
You have a pair of horns on your head.


Message History

You barely miss the giant gecko.
The giant gecko is almost dead.
You completely miss the iguana. The giant gecko closely misses you.
The iguana bites you!
You barely miss the giant gecko.
The giant gecko is almost dead.
You hit the iguana but do no damage.
The giant gecko bites you but does no damage.
The iguana misses you.
You hit the giant gecko.
You kill the giant gecko!
Trog accepts your kill.
You hit the iguana but do no damage. The iguana bites you!
* * * LOW HITPOINT WARNING * * *
You are too injured to fight recklessly!
You are too injured to fight recklessly!
You are too injured to fight recklessly!
You are too injured to fight recklessly!
The iguana bites you!
You die...

.#.## #.# ..... ..#.#
....##.#.##.#
...#..#.##.#
##.#..#.##.##
#............
#..........#
#†.@).....#
......#l#.####.########
>.......#..............
...#..#..#####.########
.) #..#.. #.# . ...
#..#####.######## #.##
#................ #.
#.#.####.#########
#.#..##..).......#


You could see an iguana.

Vanquished Creatures
  An orc priest (D:3)
  2 adders
  An ooze (D:1)
  A worm (D:2)
  2 dart slugs
  2 giant geckos
  2 orcs (D:3)
  3 bats
  3 giant cockroaches
  4 goblins
  4 hobgoblins
  3 giant newts
  2 kobolds (D:2)
  5 rats
35 creatures vanquished.

Notes
Turn   | Place    | Note
--------------------------------------------------------------
     0 | D:1      | Tomstefer the Minotaur Berserker began the quest for the Orb.
     0 | D:1      | Reached XP level 1. HP: 19/19 MP: 0/0
    86 | D:1      | Reached skill level 4 in Axes
   198 | D:1      | Reached XP level 2. HP: 26/26 MP: 1/1
   899 | D:2      | Reached skill level 5 in Axes
   899 | D:2      | Reached XP level 3. HP: 31/31 MP: 2/2
   914 | D:2      | Reached ** piety under Trog
  1053 | D:2      | Found a faded altar to an unknown god.
  1404 | D:3      | Reached skill level 6 in Axes
  1404 | D:3      | Reached XP level 4. HP: 39/39 MP: 3/3
  1416 | D:3      | Slain by an iguana

Vault maps used:
D:1:      shiori_arrival_whats_in_store_for_you
D:2:      ecumenical_altar_1, first_bread
D:3:      led_xom_imps, uniq_crazy_yiuf_cottage, uniq_sigmund

Skill      XL: |  1  2  3 |
---------------+----------+-----
Axes           | 4 5 6 |  6.3
Fighting       | |  3.6
Armour         | |  2.4
Dodging        | |  2.1

Action                   |  1- 3 |  4- 6 || total
-------------------------+-------+-------++-------
Melee: Hand axe          |    61 |     8 ||    69
  Eat: Chunk             |     1 |       ||     1
